 BcadrenCrawl: Boulder Brew version 0.06-720-g033fe3496d (webtiles) character file.

Game seed: 3426530478455567344

2792 xeno23 the Jinx (level 9, -1/69 HPs) Spriggan Enchanter. Began on Feb 12, 2023. Was an Initiate of Dithmenos. Slain by a gnoll ... wielding a +1 spear of molten steel (7 damage) ... on level 5 of the Dungeon. The game lasted 01:10:04 (8207 turns).

xeno23 the Jinx (Spriggan Enchanter)                Turns: 8207, Time: 01:10:12

Health: -1/69      AC:  8    Str:  5    XL:     9 ^: 1539
Magic:  6/19       EV: 25    Int: 17    God:    Dithmenos [0* [19]]
Gold:   240        SH:  0    Dex: 23    Spells: 6/20 levels left

rFire    . . .     Slash    x   C - +8 spear of Vorod {freeze, rC++ MR++}
rCold    + + .     Pierce   .   a - +1 dagger
rNeg     . . .     Bludgeon .   b - +0 robe
rCorr    . . .     Vision   +   (helmet restricted)
rPois    .         Gourm    .   r - +0 cloak
rElec    .         Faith    .   (gloves unavailable)
MR       +++..     Spirit   .   (boots unavailable)
HPRegen  0.33/turn Reflect  .   (no amulet)
MPRegen  0.29/turn Harm     .   j - ring of protection
Stlth    +++++.....             A - ring of dexterity

@: very quick
A: very small, unfitting armour, see invisible, herbivore, speed 3, slow
metabolism 2, soft flesh
a: Renounce Religion


You were on level 5 of the Dungeon.
You worshipped Dithmenos.
Dithmenos was noncommittal.
You were very hungry.

You visited 2 branches of the dungeon, and saw 6 of its levels.

You collected 240 gold pieces.

Inventory:

Weapons
 a - a +1 dagger (weapon)
 g - a +0 short sword
 q - a +3 long sword
 s - a +3 vampiric hatchet
 t - a +0 whip of caustic ooze
 C - the +8 spear of Vorod (weapon) {freeze, rC++ MR++}
   (You found it on level 4 of the Dungeon)

   It has been specially enchanted to freeze those struck by it, causing extra
   injury to most foes and up to half again as much damage against particularly
   susceptible opponents.
   It can also slow down cold-blooded creatures.
   It greatly protects you from cold.
   It affects your resistance to hostile enchantments.
   Shields
 h - a +0 buckler
Armour
 b - a +0 robe (worn)
 r - a +0 cloak (worn)
Jewellery
 j - a ring of protection (left hand)
 n - an uncursed ring of poison resistance
 p - an uncursed ring of fire
 w - a cursed ring of dexterity {(Curse: rC-)}
 z - an uncursed ring of ice
 A - a ring of dexterity (right hand)
 B - a cursed ring of positive energy {(Curse: MR-)}
 D - an uncursed ring of magical power
Scrolls
 c - 3 scrolls of teleportation
 l - 2 scrolls of holy word
 o - 2 scrolls of enchantment
 x - a scroll of fog
 y - 2 scrolls of blinking
Potions
 f - a potion of ambrosia
 i - 2 potions of curing
 k - a potion of cancellation
 m - a potion of agility
 u - 2 potions of brilliance
 v - a potion of haste
Comestibles
 d - 3 rations


   Skills:
 + Level 3.5 Fighting
 + Level 5.3 Short Blades
 * Level 1.1 Polearms
 + Level 7.5 Dodging
 + Level 8.9 Stealth
 + Level 6.4 Spellcasting
 * Level 9.1 Hexes


You had 6 spell levels left.
You knew the following spells:

 Your Spells              Type           Power        Failure   Level  Hunger
a - Confuse Hex 36 (100) 1% 3 11-71 b - Magic Candle Hex/Fire       21 (90)      1%          1    0
c - Tukima's Dance Hex 36 (100) 1% 3 11-71 d - Fulminant Prism Hex 36 (200) 2% 4 91-191 e - Blinding Spray Hex/Pois       21 (50)      5%          3    11-71

Your spell library contained the following spells:

 Spells                   Type           Power        Failure   Level  Hunger
 Ensorcelled Hibernation  Hex/Ice        21 (50)      2%          2    0-11


Dungeon Overview and Level Annotations

Branches:
Dungeon (5/8)              Temple (1/1) D:4
   Lair: D:5

Altars:
Cheibriados
Dithmenos
Elyvilon
Gozag Ym Sagoz
Hepliaklqana
Kikubaaqudgha
Makhleb
Ru
Sif Muna
Vehumet
Zin

Annotations:
D:4 exclusion: 3 doors
D:5 Erica


Innate Abilities, Weirdness & Mutations

You are very small and have problems with some larger weapons.
You are too small for most types of armour.
You have supernaturally acute eyesight. (+Vis)
You are a herbivore.
You cover ground extremely quickly.
You need to consume almost no food.
Your soft flesh is weak to deep cuts.
Heavy manmade armour will nullify this weakness. (rSlashing-)


Message History

The scorpion bites you but does no damage.
The scorpion stings you (5). The gnoll hits you but does no damage.
Casting: Confuse (safe; 1% risk of failure)
Confirm with . or Enter, or press ? or * to list all spells.
Aiming: Confuse (safe; 1% risk of failure)
Press: ? - help, Shift-Dir - straight line, f/p - scorpion
Aim: a scorpion (93%, 95% to-hit, healthy (18/18), 57% (Melee), chance to defeat MR: 64%)
The scorpion appears confused.
The scorpion misses you. x4
You hear a slurping noise.
The gnoll hits you from afar with a +1 spear of molten steel (5).
* * * LOW HITPOINT WARNING * * *
The gnoll burns you (5).
* * * LOW HITPOINT WARNING * * *
You hit the scorpion (2).
It resists.
The scorpion seems to slow down.
You hit the scorpion but do no damage.
The scorpion is lightly wounded. (16/18) HP The gnoll hits you from afar with a +1 spear of molten steel (7)!
* * * LOW HITPOINT WARNING * * *
The gnoll burns you (7)!
You die...

#...# ..
#######'#
#.+....c#
###.#.###.#
#...#.###.#
#.###.###.#
#.#
#.....'.
#@#
#+#####..
#s# ...#
...
#g##.#.# .S
#KJ>...##
#..g....#
#.).....#
#)....g.#
#..<....#
#.......#


You could see a scorpion (confused, slow), a jelly, a gnoll and a kobold.

Vanquished Creatures
  A soldier ant (D:4)
  A scorpion (D:5)
  3 porcupines
  5 ogres
  A rock worm zombie (D:4)
  4 big kobolds
  A meliai zombie (D:4)
  A gnoll sergeant (D:5)
  2 howler monkeys (D:5)
  4 wights (D:4)
  A killer bee (D:4)
  A quasit (D:4)
  An orc priest (D:3)
  2 hounds (D:4)
  3 jellies (D:2)
  2 iguanas
  3 orc wizards
  4 worker ants (D:3)
  A statue (D:3)
  2 wyvern skeletons
  3 giant cockroaches
  A haearbwca (D:4)
  3 gnolls
  A cysgobwca (D:3)
  6 adders
  30 sewer rats
  5 worms (D:2)
  8 cinder newts
  2 bullfrogs
  8 oozes (D:2)
  A hound skeleton (D:3)
  A dart slug (D:1)
  An adder zombie (D:5)
  3 leopard geckos
  17 orcs
  An adder skeleton (D:2)
  7 ball pythons
  2 cinder newt skeletons (D:2)
  3 goblins (D:1)
  4 hobgoblins (D:1)
  4 jackals (D:4)
  17 kobolds
  2 quokkas
  13 bats
  3 bat skeletons (D:2)
  A quokka skeleton (D:2)
  12 rats
  A rat skeleton (D:2)
  A butterfly (D:4)
  A toadstool (D:1)
  A withered plant (D:2)
206 creatures vanquished.

Vanquished Creatures (collateral kills)
  A plant (D:1)
1 creature vanquished.

Vanquished Creatures (others)
  A sewer rat (D:2)
  2 fulminant prisms (D:5)
  A giant blowfly (D:2)
  2 plants (D:5)
  4 toadstoolion (D:1)
  83 withered plants (D:2)
93 creatures vanquished.

Grand Total: 300 creatures vanquished

Notes
Turn   | Place    | Note
-------+----------+-------------------------------------------
     0 | D:1      | xeno23 the Spriggan Enchanter began the quest for the Orb.
     0 | D:1      | Reached XP level 1. HP: 18/18 MP: 5/5
    64 | D:1      | Learned a level 3 spell: Confuse
   125 | D:1      | Reached XP level 2. HP: 15/25 MP: 1/6
   290 | D:1      | Reached skill level 4 in Hexes
   343 | D:1      | Reached XP level 3. HP: 18/31 MP: 1/8
   781 | D:1      | Reached skill level 5 in Stealth
   904 | D:1      | Reached XP level 4. HP: 33/37 MP: 9/9
  1272 | D:2      | Reached XP level 5. HP: 44/44 MP: 2/11
  1313 | D:2      | Reached skill level 5 in Hexes
  1713 | D:2      | Reached skill level 1 in Fighting
  1720 | D:2      | Reached XP level 6. HP: 47/50 MP: 6/12
  1779 | D:2      | Found a shimmering blue altar of Sif Muna.
  2335 | D:2      | Reached skill level 6 in Hexes
  2602 | D:2      | Reached XP level 7. HP: 37/56 MP: 14/14
  2859 | D:2      | Reached skill level 5 in Dodging
  4141 | D:3      | Reached skill level 5 in Spellcasting
  4348 | D:3      | Reached skill level 7 in Hexes
  4669 | D:3      | Reached XP level 8. HP: 63/63 MP: 7/16
  5131 | D:3      | Found a radiant altar of Vehumet.
  5464 | D:4      | Reached skill level 8 in Hexes
  5835 | D:5      | Entered Level 5 of the Dungeon
  6401 | D:4      | Reached XP level 9. HP: 59/69 MP: 14/19
  6413 | D:4      | Learned a level 3 spell: Tukima's Dance
  6418 | D:4      | Learned a level 4 spell: Fulminant Prism
  6422 | D:4      | Learned a level 3 spell: Blinding Spray
  6614 | D:4      | Reached skill level 5 in Short Blades
  6706 | D:4      | Identified the +8 spear of Vorod {freeze, rC++ MR++}
  6913 | D:4      | Found a staircase to the Ecumenical Temple.
  7103 | Temple   | Entered the Ecumenical Temple
  7459 | Temple   | Became a worshipper of Dithmenos the Shadowed
  7688 | D:5      | Noticed a troll
  8022 | D:4      | Reached skill level 9 in Hexes
  8170 | D:5      | Noticed Erica
  8200 | D:5      | Reached skill level 1 in Polearms
  8207 | D:5      | Slain by a gnoll

Illustrated notes

Levels and vault maps discovered:
D:1:      ldierk_walled_garden, layout_basic, first_ration
D:2:      layout_sewer, lemuel_doored_altar, st_stairs_11,
          item_on_display_merged
D:3:      layout_rooms, vehumet_statue, grunt_ogre_cave
D:4:      layout_roguey [special_room_bee], temple_hall
D:5:      layout_loops_cross, david_lair_generic, minmay_misc_feat_encased,
          uniq_erica
Temple:   compressed_dpeg_triangle_lava_temple

Skill      XL: |  1  2  3  4  5  6  7  8  9 |
---------------+----------------------------+-----
Hexes          | 4 5 6 7 8 9 |  9.1
Spellcasting   | 3 4 5 6 |  6.4
Short Blades   | 2 3 4 5 |  5.3
Stealth        | 5 6 7 8 |  8.9
Dodging        | 4 5 7 |  7.5
Fighting       | 1 2 3 |  3.5
Polearms       | 1 |  1.1

Action                   |  1- 3 |  4- 6 |  7- 9 || total
-------------------------+-------+-------+-------++-------
Melee: Dagger            |    52 |   224 |   358 ||   634
       Unarmed           |    10 |       |       ||    10
       Short sword       |    49 |   261 |   363 ||   673
       Spear             |       |       |    70 ||    70
Throw: Rusty metal       |       |       |     1 ||     1
 Cast: Confuse           |    14 |    45 |   137 ||   196
       Fulminant Prism   |       |       |     2 ||     2
       Blinding Spray    |       |       |     2 ||     2
       Tukima's Dance    |       |       |     1 ||     1
  Use: Scroll            |       |       |     1 ||     1
       Potion            |       |       |     2 ||     2
 Stab: Confused          |     7 |    26 |    77 ||   110
       Sleeping          |     7 |    10 |    13 ||    30
       Distracted        |       |     1 |     1 ||     2
  Eat: Ration            |       |     3 |     8 ||    11
Armor: Robe              |    11 |   118 |    92 ||   221
       Skin              |       |       |    50 ||    50
Dodge: Dodged            |    22 |   193 |   229 ||   444
